 Dungeon Crawl Stone Soup version 0.31.0-12-g77e489cdc1 (webtiles) character file.

Game seed: 16612175239736848606

778 Curundu the Chopper (level 7, -2/90 HPs)
             Began as a Minotaur Berserker on Feb 19, 2024.
             Was a Priest of Trog.
             Slain by a gnoll
             ... wielding a +0 flail
             ... led by a gnoll sergeant
              (3 damage)
             ... on level 5 of the Dungeon.
             The game lasted 00:09:57 (3718 turns).

Curundu the Chopper (Minotaur Berserker)            Turns: 3718, Time: 00:09:58

Health: -2/90      AC: 10    Str: 23    XL:     7   Next: 54%
Magic:  6/6        EV:  9    Int:  4    God:    Trog [***...]
Gold:   183        SH:  4    Dex: 10    Spells: 6/6 levels left

rFire   . . .        a - +0 hand axe
rCold   . . .        m - +0 buckler
rNeg    . . .        l - +0 chain mail
rPois   .            (helmet restricted)
rElec   .            (no cloak)
rCorr   .            (no gloves)
SInv    .            (no boots)
Will    .....        (no amulet) Stlth
                     (no ring)
HPRegen 0.35/turn    (no ring)
MPRegen 0.10/turn

%: no passive effects
@: berserking (expiring), very quick
A: horns 2, retaliatory headbutt
a: Renounce Religion, Berserk, Trog's Hand


You were on level 5 of the Dungeon.
You worshipped Trog.
Trog was most pleased with you.
You visited 1 branch of the dungeon, and saw 5 of its levels.

You collected 183 gold pieces.

Inventory:

Hand Weapons
 a - a +0 hand axe (weapon)
Missiles
 u - 2 boomerangs (quivered)
Armour
 l - a +0 chain mail (worn)
 m - a +0 buckler (worn)
Jewellery
 q - a ring of resist corrosion
 t - an amulet of reflection
 x - an amulet of guardian spirit
Wands
 r - a wand of polymorph (10)
 v - a wand of paralysis (14)
 A - a wand of digging (3)
 C - a wand of iceblast (7)
Scrolls
 c - 2 scrolls of poison {unknown}
 e - 8 scrolls of teleportation {unknown}
 f - 2 scrolls of blinking {unknown}
 g - 11 scrolls of identify {unknown}
 j - 2 scrolls of enchant armour {unknown}
 k - a scroll of noise {unknown}
 y - 2 scrolls of vulnerability {unknown}
 z - a scroll of silence {unknown}
 B - a scroll of fear {unknown}
Potions
 b - 2 potions of lignification {unknown}
 d - 2 potions of resistance {unknown}
 h - a potion of attraction {unknown}
 i - 2 potions of heal wounds {unknown}
 n - a potion of berserk rage {unknown}
 o - a potion of curing {unknown}
 p - a potion of brilliance {unknown}
 s - a potion of degeneration {unknown}
 w - a potion of invisibility {unknown}


   Skills:
 + Level 4.9 Fighting
 + Level 6.6 Axes
 * Level 5.5 Armour
 + Level 3.4 Dodging
 * Level 3.3 Shields
 * Level 2.3 Evocations


You had 6 spell levels left.
You didn't know any spells.
Your spell library was empty.

Dungeon Overview and Level Annotations

Branches:
Dungeon (5/15)
 Temple: D:4-7

Altars:
Kikubaaqudgha
Ru
Trog
Vehumet
Wu Jian

Annotations:
D:5 3 runed translucent doors


Innate Abilities, Weirdness & Mutations

You have a pair of horns on your head.
You reflexively headbutt those who attack you in melee.


Message History

The gnoll barely misses you.
The gnoll sergeant hits you with a +0 spear!
A red film seems to cover your vision as you go berserk!
You feel yourself moving faster!
You feel mighty!
The gnoll sergeant hits you with a +0 spear.
* * * LOW HITPOINT WARNING * * *
The gnoll barely misses you.
You hit the gnoll sergeant but do no damage.
The gnoll sergeant is almost dead.
The gnoll sergeant hits you with a +0 spear.
* * * LOW HITPOINT WARNING * * *
The gnoll misses you.
You hit the gnoll sergeant.
You kill the gnoll sergeant!
Trog accepts your kill.
Found 17 gold pieces.
The gnoll hits you with a +0 halberd!
* * * LOW HITPOINT WARNING * * *
Things that are here:
a +0 spear; a +0 scale mail You hit the gnoll.
Your headbutt misses the gnoll.
The gnoll is heavily wounded.
The gnoll hits you with a +0 halberd.
* * * LOW HITPOINT WARNING * * *
You slash the gnoll!
You kill the gnoll!
Trog accepts your kill.
Found a stone staircase leading up.
The gnoll barely misses you. The gnoll hits you with a +0 whip.
* * * LOW HITPOINT WARNING * * *
The gnoll closely misses you. You furiously retaliate!
You headbutt the gnoll!!
You kill the gnoll!
Trog accepts your kill.
Things that are here:
a +0 halberd; a gnoll corpse You feel a strong urge to attack something.
You see here a +0 flail.
You hit the gnoll. You headbutt the gnoll.
The gnoll is heavily wounded.
You hit the gnoll. The gnoll hits you with a +0 flail.
You die...

....... ..$.<..
....... .......
.......## .......g#
########
.......g####......#
......g@))........#
############......#
########..._..#
.......'...[..+
########......#
#.##+..###
#.........
#..###+++#
##.##......


You could see 3 gnolls.

Vanquished Creatures
  Duvessa (D:4)
  A black bear (D:3)
  A gnoll sergeant (D:5)
  Dowan (D:4)
  2 orc priests (D:5)
  Terence (D:2)
  4 orc wizards
  Robin (D:2)
  10 gnolls
  5 adders
  A white imp (D:5)
  A dart slug (D:3)
  A ribbon worm (D:2)
  18 orcs
  9 bats
  6 endoplasms
  13 goblins
  14 hobgoblins
  16 jackals
  2 quokkas
  4 ball pythons
  A frilled lizard (D:2)
  7 kobolds
  A rat (D:1)
121 creatures vanquished.

Notes
Turn   | Place    | Note
-------+----------+-------------------------------------------
     0 | D:1      | Curundu the Minotaur Berserker began the quest for the Orb.
     0 | D:1      | Reached XP level 1. HP: 19/19 MP: 0/0
    85 | D:1      | Reached XP level 2. HP: 22/27 MP: 1/1
    86 | D:1      | Reached skill level 4 in Axes
   621 | D:2      | Noticed Terence
   623 | D:2      | Reached XP level 3. HP: 33/33 MP: 2/2
   631 | D:2      | Killed Terence
   859 | D:2      | Reached XP level 4. HP: 36/41 MP: 3/3
   915 | D:2      | Reached skill level 5 in Axes
   933 | D:2      | Noticed Robin
   937 | D:2      | Reached ** piety under Trog
   939 | D:2      | Reached skill level 1 in Shields
   948 | D:2      | Killed Robin
  1102 | D:2      | Reached XP level 5. HP: 47/47 MP: 4/4
  1466 | D:3      | Noticed a black bear
  1481 | D:3      | Killed a black bear
  1482 | D:3      | Reached skill level 1 in Evocations
  1610 | D:3      | Reached XP level 6. HP: 45/53 MP: 5/5
  1872 | D:3      | Found a sacrificial altar of Ru.
  1934 | D:3      | Found a bloodstained altar of Trog.
  2158 | D:3      | Found a radiant altar of Vehumet.
  2477 | D:4      | Reached *** piety under Trog
  2517 | D:4      | Reached skill level 6 in Axes
  2523 | D:4      | Noticed Duvessa
  2526 | D:4      | Noticed Dowan
  2537 | D:4      | Killed Duvessa
  2547 | D:4      | Killed Dowan
  2548 | D:4      | Reached XP level 7. HP: 44/60 MP: 6/6
  3270 | D:5      | Entered Level 5 of the Dungeon
  3529 | D:5      | Reached skill level 5 in Armour
  3533 | D:5      | Found an ornate altar of the Wu Jian Council.
  3687 | D:5      | Found a runed translucent gate.
  3687 | D:5      | Found a runed translucent gate.
  3687 | D:5      | Found a runed translucent gate.
  3688 | D:5      | Found an ancient bone altar of Kikubaaqudgha.
  3716 | D:5      | HP: 1/90 [gnoll/+0 whip[a gnoll sergeant] (5)]
  3718 | D:5      | Slain by a gnoll

Illustrated notes

Levels and vault maps discovered:
D:1:      amcnicky_arrival_flooded_fountain, layout_rooms, serial_curves,
          eino_curves_02, eino_curves_01
D:2:      layout_loops_ring, minmay_door_square, uniq_terence, uniq_robin
D:3:      layout_basic, nicolae_ru_sacrificial_ziggurat,
          mainiacjoe_overflow_big_doors
D:4:      layout_loops_ring, lemuel_flame_loot_1, uniq_duvessa
D:5:      layout_basic, overflow_temple_1_default,
          mainiacjoe_overflow_surrounded_room, gammafunk_ghost_icy

Skill      XL: |  1  2  3  4  5  6  7 |
---------------+----------------------+-----
Axes           | 4 5 6 |  6.6
Fighting       | 4 |  4.9
Dodging        | 3 |  3.4
Shields        | 1 2 3 |  3.3
Armour         | 3 4 5 |  5.5
Evocations     | 1 2 |  2.3

Action                     |  1- 3 |  4- 6 |  7- 9 || total
---------------------------+-------+-------+-------++-------
  Melee: Hand axe          |    65 |   145 |    69 ||   279
         Punch             |     2 |       |       ||     2
         Headbutt          |    11 |    28 |    11 ||    50
 Invoke: Trog's Hand       |       |     3 |     1 ||     4
         Berserk           |       |     1 |     1 ||     2
 Armour: Animal skin       |    35 |       |       ||    35
         Chain mail        |    14 |   122 |    76 ||   212
  Dodge: Dodged            |    46 |    68 |    29 ||   143
  Block: Buckler           |     1 |    29 |    18 ||    48
